 Dungeon Crawl Stone Soup version 0.30.0-29-ga12c61a403 (webtiles) character file.

Game seed: 9526545384399002321

346 monsoonserge the Cudgeller (level 6, -11/91 HPs)
             Began as a Troll Berserker on June 22, 2023.
             Was a Follower of Trog.
             Killed from afar by Pikel (15 damage)
             ... with a bolt of light
             ... on level 4 of the Dungeon.
             The game lasted 00:03:12 (884 turns).

monsoonserge the Cudgeller (Troll Berserker)         Turns: 884, Time: 00:03:13

Health: -11/91     AC:  4    Str: 28    XL:     6   Next: 32%
Magic:  5/5        EV: 10    Int:  3    God:    Trog [*.....]
Gold:   103        SH:  0    Dex:  9    Spells: 5/5 levels left

rFire   . . .        a - +0 mace
rCold   . . .        (no shield)
rNeg    . . .        b - +0 animal skin
rPois   .            (helmet restricted)
rElec   .            (no cloak)
rCorr   .            (gloves unavailable)
SInv    .            (boots unavailable)
Will    +++..        (no amulet) Stlth
                     j - ring of willpower
HPRegen 2.15/turn    (no ring)
MPRegen 0.09/turn

%: no passive effects
@: confused, berserking, strong-willed, regenerating, very quick
A: large, unfitting armour, claws 3, regeneration 1, shaggy fur 1, tough skin 1
a: Renounce Religion, Berserk


You were on level 4 of the Dungeon.
You worshipped Trog.
Trog was aware of your devotion.
You visited 1 branch of the dungeon, and saw 3 of its levels.

You collected 103 gold pieces.

Inventory:

Hand Weapons
 a - a +0 mace (weapon)
Missiles
 d - 4 datura-tipped darts
 g - 6 atropa-tipped darts
 h - 6 boomerangs (quivered)
Armour
 b - a +0 animal skin (worn)
Jewellery
 j - a ring of willpower (left claw)
Scrolls
 c - a scroll of amnesia {unknown}
 f - a scroll of brand weapon {unknown}
Potions
 e - a potion of lignification {unknown}
 i - a potion of haste {unknown}
 k - a potion of cancellation {unknown}


   Skills:
 + Level 3.4 Fighting
 * Level 5.2 Maces & Flails
 + Level 3.5 Dodging


You had 5 spell levels left.
You didn't know any spells.
Your spell library contained the following spells:

 Spells                   Type           Power      Damage    Failure   Level
 Slow                     Hex            0%         N/A       52%         1
 Confusing Touch          Hex            0%         N/A       88%         3
 Vampiric Draining        Necr           0%         2d6       88%         3


Dungeon Overview and Level Annotations

Branches:
Dungeon (2/15)

Altars:
Makhleb

Annotations:
D:4 Pikel


Innate Abilities, Weirdness & Mutations

You are too large for most types of armour.
You have claws for hands.
Your natural rate of healing is unusually fast.
You are covered in fur. (AC +1)
You have tough skin. (AC +1)


Message History

Pikel zaps a wand.
The bolt of light hits something!!
Reactivating autopickup.
You feel a bit more experienced. The bolt of light misses you.
You hear a shout!
You're still recovering from your berserk rage.
Your skin crawls.
You feel strong-willed.
You hear a shout!
You barely miss Pikel.
Pikel zaps a wand.
The bolt of light misses you.
You hit Pikel but do no damage.
Pikel hits you with a +2 whip of electrocution.
You are electrocuted!!
You closely miss Pikel. Pikel barely misses you.
You barely miss Pikel.
Pikel zaps a wand.
The bolt of light hits you!
* * * LOW HITPOINT WARNING * * *
An orc comes into view. It is wielding a +0 club.
You closely miss Pikel.
You recover from your berserk rage.
Pikel hits you with a +2 whip of electrocution.
* * * LOW HITPOINT WARNING * * *
A red film seems to cover your vision as you go berserk!
You feel yourself moving faster!
You feel mighty!
You can no longer call upon Trog for regeneration and willpower.
Pikel hits you with a +2 whip of electrocution.
* * * LOW HITPOINT WARNING * * *
You are electrocuted!
* * * LOW HITPOINT WARNING * * *
You sock Pikel!
Pikel is moderately wounded.
Pikel zaps a wand.
The bolt of light hits you!
* * * LOW HITPOINT WARNING * * *
You hear a shout!
You completely miss Pikel.
Pikel is moderately wounded.
Pikel barely misses you.
You barely miss Pikel.
Pikel is moderately wounded.
Pikel zaps a wand.
The bolt of light hits you!
You are confused.
You die...

#(# #..#### #.#
#..# #.# #..#
#.# #..# #.#
#..# #.# ###..#
#....# # #.##.#
####.#.## #.
#.#####@K55....
#
#......)##o#.##
#########


You could see Pikel, 2 lemures and an orc.

Vanquished Creatures
  Menkaure (D:4)
  Duvessa (D:4)
  Dowan (D:4)
  3 adders (D:2)
  A worm (D:2)
  2 orcs (D:4)
  4 endoplasms
  A giant cockroach (D:1)
  3 goblins (D:1)
  5 hobgoblins
  6 jackals (D:1)
  A kobold (D:1)
  A quokka (D:2)
  4 ball pythons
  A bat (D:1)
  3 frilled lizards (D:1)
  3 rats
41 creatures vanquished.

Vanquished Creatures (others)
  An orc wizard (D:4)
1 creature vanquished.

Grand Total: 42 creatures vanquished

Notes
Turn   | Place    | Note
-------+----------+-------------------------------------------
     0 | D:1      | monsoonserge the Troll Berserker began the quest for the
                  | Orb.
     0 | D:1      | Reached XP level 1. HP: 22/22 MP: 0/0
    44 | D:1      | Reached XP level 2. HP: 28/29 MP: 1/1
    68 | D:1      | Reached skill level 3 in Maces & Flails
   457 | D:1      | Reached XP level 3. HP: 36/36 MP: 2/2
   509 | D:2      | Reached ** piety under Trog
   510 | D:2      | Found a burning altar of Makhleb.
   732 | D:2      | Reached XP level 4. HP: 42/44 MP: 3/3
   754 | D:2      | You fall into a shaft and drop 2 floors!
   791 | D:4      | Noticed Menkaure
   797 | D:4      | Killed Menkaure
   798 | D:4      | Reached skill level 4 in Maces & Flails
   798 | D:4      | Reached XP level 5. HP: 53/53 MP: 4/4
   841 | D:4      | Noticed Dowan
   841 | D:4      | Noticed Duvessa
   852 | D:4      | Killed Duvessa
   853 | D:4      | Reached skill level 5 in Maces & Flails
   853 | D:4      | Reached XP level 6. HP: 61/61 MP: 5/5
   855 | D:4      | Killed Dowan
   869 | D:4      | Noticed Pikel
   882 | D:4      | HP: 1/91 [Pikel/bolt of light (17)]
   884 | D:4      | Killed from afar by Pikel

Illustrated notes

Levels and vault maps discovered:
D:1:      scummos_arrival_star, layout_basic, kennysheep_crisscross,
          minmay_pentomino_p2
D:2:      layout_loops_cross, basic_altar
D:4:      layout_loops_ring, temple_green, uniq_duvessa, uniq_blork_the_orc,
          uniq_crazy_yiuf_cottage, uniq_pikel, uniq_menkaure

Skill      XL: |  1  2  3  4  5 |
---------------+----------------+-----
Maces & Flails | 3 4 5 |  5.2
Dodging        | 3 |  3.5
Fighting       | 3 |  3.4

Action                     |  1- 3 |  4- 6 || total
---------------------------+-------+-------++-------
  Melee: Mace              |   116 |    29 ||   145
         Punch             |     2 |       ||     2
 Invoke: Berserk           |       |     3 ||     3
         Trog's Hand       |       |     1 ||     1
   Stab: Sleeping          |     1 |       ||     1
 Armour: Animal skin       |    51 |     6 ||    57
  Dodge: Dodged            |    60 |     9 ||    69
